 Dungeon Crawl Stone Soup version 0.31.0-11-ge490571c62 (webtiles) character file.

Game seed: 8966948197117918560

329 Ekaitz the Apothecary (level 6, -4/38 HPs)
             Began as an Octopode Alchemist on Feb 2, 2024.
             Slain by a crocodile (5 damage)
             ... in a sewer.
             The game lasted 00:06:06 (2295 turns).

Ekaitz the Apothecary (Octopode Alchemist)          Turns: 2295, Time: 00:06:07

Health: -4/38      AC:  1    Str:  8    XL:     6   Next: 50%
Magic:  6/10       EV: 14    Int: 17    God:
Gold:   84         SH:  0    Dex: 14    Spells: 0/10 levels left

rFire   . . .        j - +1 spear (venom)
rCold   . . .        (no shield)
rNeg    . . .        (helmet restricted)
rPois   .            (no amulet)
rElec   .            d - ring of wizardry
rCorr   .            (no ring)
SInv    .            (no ring)
Will    +....        (no ring)
Stlth   ++++         (no ring)
HPRegen 0.26/turn    (no ring)
MPRegen 0.12/turn    (no ring)
                     (no ring)

%: wizardry (x1)
@: no status effects
A: almost no armour, amphibious, 8 rings, camouflage 1, gelatinous body 1,
nimble swimmer 1, tentacles, strong-willed 1, mutation resistance 1, screaming 1
a: no special abilities


You were in a sewer.
You visited 2 branches of the dungeon, and saw 5 of its levels.
You also visited: Sewer.

You collected 84 gold pieces.

Inventory:

Hand Weapons
 j - a +1 spear of venom (weapon)
Armour
 g - the +2 buckler of Benevolence {rN+ Will++ MP+9 Int-3}
   (You found it on level 3 of the Dungeon)

   Int-3:     It affects your intelligence (-3).
   rN+:       It protects you from negative energy.
   Will++:    It greatly increases your willpower.
   MP+9:      It affects your magic capacity (+9).
Jewellery
 d - a ring of wizardry (left tentacle)
Wands
 f - a wand of polymorph (8)
Scrolls
 e - 2 scrolls of fear {unknown}
 h - a scroll of teleportation {unknown}
 i - a scroll of brand weapon {unknown}
Potions
 a - a potion of magic
 b - 2 potions of mutation
 c - a potion of brilliance {unknown}


   Skills:
 * Level 1.6 Fighting
 * Level 3.1 Dodging
 + Level 3.0 Stealth
 * Level 0.2 Shields
 + Level 0.1 Unarmed Combat
 + Level 2.7 Spellcasting
 * Level 2.7 Conjurations
 * Level 1.4 Air Magic
 * Level 5.1 Alchemy


You couldn't memorise any spells.
You knew the following spells:

 Your Spells              Type           Power      Damage    Failure   Level
a - Sting                 Conj/Alch      60%        1d6       1%          1
b - Mercury Vapours       Alch/Air       26%        N/A       2%          2
c - Mephitic Cloud        Conj/Alch/Air  12%        N/A       6%          3
d - Olgreb's Toxic Radia  Alch           19%        N/A       9%          4

Your spell library contained the following spells:

 Spells                   Type           Power      Damage    Failure   Level
 Call Canine Familiar     Summ           2%         N/A       21%         3
 Sigil of Binding         Hex            2%         N/A       21%         3
 Sticky Flame             Fire/Alch      11%        2d5       24%         4
 Dimensional Bullseye     Hex/Tloc       1%         N/A       54%         4


Dungeon Overview and Level Annotations

Branches:
Dungeon (4/15)             Temple (1/1) D:4           Sewer (1/1)

Altars:
Ashenzari
Elyvilon
Fedhas
Gozag
Hepliaklqana
Okawaru
Ru
Trog
Uskayaw
Yredelemnul


Innate Abilities, Weirdness & Mutations

You cannot wear most types of armour.
You are amphibious.
You can wear up to eight rings at the same time.
Your skin changes colour to match your surroundings (Stealth+).
Your rubbery body absorbs attacks. (AC +1, EV +1)
You are camouflaged when in or above water. (Stealth+)
You have tentacles for arms and can constrict up to eight enemies at once.
You are strong-willed. (Will+)
You are somewhat resistant to further mutation.
You occasionally shout uncontrollably at your foes.


Message History

Aiming: Sting (safe; 1% risk of failure)
Press: ? - help, Shift-Dir - straight line, f/p - crocodile
Aim: a crocodile (very poisoned, weak, 67% to hit)
The sting hits the crocodile.
The crocodile looks as sick as possible!
The crocodile is lightly wounded.
The crocodile closely misses you.
You closely miss the crocodile.
The crocodile is lightly wounded.
The crocodile bites you!
You closely miss the crocodile. Your squeeze misses the crocodile.
The crocodile is lightly wounded.
The crocodile bites you! The crocodile closely misses you.
You barely miss the crocodile.
The crocodile is lightly wounded.
The crocodile bites you!
* * * LOW HITPOINT WARNING * * *
Unknown command.
The crocodile attacks as it pursues you!
The crocodile barely misses you.
Casting: Sting (safe; 1% risk of failure)
Confirm with . or Enter, or press ? or * to list all spells.
Aiming: Mercury Vapours (safe; 2% risk of failure)
Press: ? - help, Dir - move target, f/p - crocodile
Aim: a crocodile (lightly wounded, very poisoned, weak, chance to weaken: 73%) Fumes of mercury billow around the crocodile!
The crocodile looks as sick as possible!
The crocodile looks even weaker.
The crocodile closely misses you.
Unknown command.
You hit the crocodile.
The crocodile is moderately wounded.
The crocodile bites you!
* * * LOW HITPOINT WARNING * * *
The crocodile drags you backwards!
Floosh!
It was a potion of mutation.
You feel extremely strange.
You feel strong-willed.
You feel the urge to shout.
You feel genetically stable. The crocodile bites you.
You die...

#########
#$!#.#[.#
#[~#.#~.#
#.~@###
##.l.##
#.~~..#
#.~...##
#...#...#
#.~###..##
#... #~..#
#..# ##.~#
#.. #..#


You could see a crocodile (extremely poisoned, weak).

Vanquished Creatures
  2 scorpions (D:4)
  A bombardier beetle (D:3)
  3 hounds (D:4)
  3 adders
  A river rat (D:3)
  2 dart slugs (D:1)
  4 ribbon worms (D:3)
  An endoplasm (D:1)
  2 giant cockroaches
  2 goblins
  9 jackals
  3 quokkas
  3 ball pythons
  3 bats
  2 frilled lizards
  4 kobolds
  4 rats (D:1)
49 creatures vanquished.

Notes
Turn   | Place    | Note
-------+----------+-------------------------------------------
     0 | D:1      | Ekaitz the Octopode Alchemist began the quest for the Orb.
     0 | D:1      | Reached XP level 1. HP: 11/11 MP: 3/3
   318 | D:1      | Reached XP level 2. HP: 18/18 MP: 3/5
   323 | D:1      | Learned a level 2 spell: Mercury Vapours
  1321 | D:2      | Reached skill level 4 in Alchemy
  1321 | D:2      | Reached XP level 3. HP: 17/22 MP: 0/6
  1325 | D:2      | Learned a level 3 spell: Mephitic Cloud
  1544 | D:2      | You fall into a shaft and drop 2 floors!
  1545 | D:4      | Noticed a scorpion
  1551 | D:4      | Killed a scorpion
  1552 | D:4      | Reached skill level 1 in Fighting
  1552 | D:4      | Reached XP level 4. HP: 28/28 MP: 1/7
  1637 | D:4      | Reached XP level 5. HP: 26/33 MP: 1/8
  1671 | D:4      | Reached skill level 1 in Air Magic
  1756 | D:4      | Found a staircase to the Ecumenical Temple.
  1815 | Temple   | Entered the Ecumenical Temple
  1863 | D:4      | Reached XP level 6. HP: 14/38 MP: 0/10
  1868 | D:4      | Learned a level 4 spell: Olgreb's Toxic Radiance
  1929 | D:3      | Identified the +2 buckler of Benevolence {rN+ Will++ MP+9
                  | Int-3}
  1981 | D:3      | Reached skill level 5 in Alchemy
  2097 | D:3      | Found a glowing drain.
  2162 | Sewer    | Entered a sewer
  2294 | Sewer    | HP: 1/38 [crocodile (9)]
  2295 | Sewer    | Gained mutation: You are strong-willed. (Will+) [potion of
                  | mutation]
  2295 | Sewer    | Gained mutation: You occasionally shout uncontrollably at
                  | your foes. [potion of mutation]
  2295 | Sewer    | Gained mutation: You are somewhat resistant to further
                  | mutation. [potion of mutation]
  2295 | Sewer    | Slain by a crocodile

Illustrated notes

Levels and vault maps discovered:
D:1:      dpeg_arrival_round_c, layout_loops_corners, minivault_14
D:2:      layout_basic, basic_altar, chequers_serial_rivers_micro_b
D:3:      layout_loops_ring, dk_xom_monty_hall, nicolae_tso_swordbearing_angel,
          serial_shops, nicolae_lakefront_shop, lightli_sewer_entry_pipes,
          chequers_mini_garden, columned_hall_lemuel, serial_bayou_pond_d,
          dk_vineyard_2, minmay_misc_feat_columns, minivault_14,
          dreamdust_wishing_well, chequers_hall_statues_wall_a
D:4:      layout_rooms, grunt_qazlal_sundering, minmay_temple_entry_sparse_star,
          hangedman_minor_gate_pass
Temple:   compressed_dpeg_circular_temple
Sewer:    sewer_the_crocodile

Skill      XL: |  1  2  3  4  5  6 |
---------------+-------------------+-----
Alchemy        | 4 5 |  5.1
Fighting       | 1 |  1.6
Conjurations   | 2 |  2.7
Air Magic      | 1 |  1.4
Dodging        | 3 |  3.1
Stealth        | 3 |  3.0
Shields        | |  0.2
Unarmed Combat | |  0.1
Spellcasting   | |  2.7

Action                     |  1- 3 |  4- 6 || total
---------------------------+-------+-------++-------
  Melee: Unarmed           |     2 |    33 ||    35
         Tentacles         |     1 |    15 ||    16
         Constrict         |     1 |    11 ||    12
         Spear             |       |     5 ||     5
         Punch             |       |     1 ||     1
   Cast: Sting             |    46 |    38 ||    84
         Mercury Vapours   |     3 |     8 ||    11
    Use: Potion            |       |     1 ||     1
   Stab: Sleeping          |       |     2 ||     2
 Armour: Skin              |     9 |    27 ||    36
  Dodge: Dodged            |    10 |    48 ||    58
